[ AOE2 MATCH · #484785488 ]
UnrankedCelts vs Magyars
Player's team · WIN
Rival team · LOSS
[ REPLAY ANALYSIS · EXTRACTED FROM THE RECORDED GAME ]
Feudal
12:56
Castle
17:03
Imperial
—
| APM avg | 46.4 |
| APM peak | 94 |
| eAPM avg | 17.0 |
| Villagers / military | 31 / 34 |
Focus
⚔️ 34.7% · 🌾 65.3%
Militia ×15 · Spearman ×9 · Scorpion ×7 · Battering Ram ×3
Feudal
10:06
Castle
21:59
Imperial
—
| APM avg | 42.2 |
| APM peak | 76 |
| eAPM avg | 22.4 |
| Villagers / military | 96 / 36 |
Focus
⚔️ 27.2% · 🌾 72.8%
Knight ×28 · Scout Cavalry ×8
Match map
Initial resources + every placement click. Lines = walls · curves = elevation contours. ◆ gold · ⬟ stone · ● berries · ✦ relic · ◌ wall gap
Your base· Open — 3t gap
May Neko's base· Open — unwalled flank
Smoothed initial terrain · ◌ = detected wall gap · hover for details
Inputs per minute
— Panny-kun - - May Neko
Build order — Panny-kun
129 actions detected in the replay
| 0:01 | Create | Villager (Male) |
| 0:01 | Create | Villager (Male) |
| 0:01 | Create | Villager (Male) |
| 0:03 | Build | House |
| 0:05 | Build | House |
| 0:56 | Create | Villager (Male) |
| 0:56 | Create | Villager (Male) |
| 1:24 | Create | Villager (Male) |
| 1:49 | Build | Lumber Camp |
| 1:50 | Create | Villager (Male) |
| 2:28 | Create | Villager (Male) |
| 3:08 | Create | Villager (Male) |
| 3:08 | Create | Villager (Male) |
| 3:42 | Build | House |
| 3:57 | Create | Villager (Male) |
| 3:58 | Create | Villager (Male) |
| 4:15 | Build | Mill |
| 4:37 | Create | Villager (Male) |
| 4:37 | Create | Villager (Male) |
| 4:53 | Build | House |
| 4:54 | Build | Palisade Wall |
| 4:57 | Build | Palisade Wall |
| 5:09 | Create | Villager (Male) |
| 5:10 | Create | Villager (Male) |
| 5:49 | Build | House |
| 5:52 | Build | Palisade Wall |
| 5:53 | Build | Palisade Wall |
| 5:54 | Build | Palisade Wall |
| 5:57 | Build | Palisade Wall |
| 5:57 | Build | Palisade Wall |
| 5:58 | Build | Palisade Wall |
| 5:58 | Build | Palisade Wall |
| 6:36 | Create | Villager (Male) |
| 6:37 | Create | Villager (Male) |
| 6:37 | Create | Villager (Male) |
| 7:16 | Build | Mill |
| 7:19 | Create | Villager (Male) |
| 7:45 | Create | Villager (Male) |
| 7:45 | Create | Villager (Male) |
| 7:46 | Create | Villager (Male) |
| 7:47 | Research | Loom |
| 7:56 | Create | Villager (Male) |
| 7:56 | Create | Villager (Male) |
| 7:56 | Research | Loom |
| 8:16 | Build | House |
| 8:49 | Build | Palisade Wall |
| 9:40 | Build | Farm |
| 9:41 | Build | Farm |
| 9:46 | Build | Mining Camp |
| 9:54 | Research | Feudal Age |
| 10:06 | Build | Palisade Gate |
| 10:23 | Build | Farm |
| 10:35 | Build | Barracks |
| 10:37 | Build | House |
| 10:44 | Build | House |
| 10:47 | Build | House |
| 11:16 | Create | Villager (Male) |
| 11:17 | Create | Villager (Male) |
| 12:12 | Build | House |
| 12:13 | Build | Palisade Wall |
| 12:18 | Build | House |
| 12:20 | Build | Palisade Wall |
| 12:41 | Create | Militia |
| 12:56 | Age | Feudal Age |
| 12:58 | Build | Palisade Gate |
| 12:59 | Create | Spearman |
| 13:15 | Build | Market |
| 13:25 | Build | Blacksmith |
| 13:33 | Build | Farm |
| 13:41 | Create | Spearman |
| 13:54 | Build | Farm |
| 13:59 | Build | Farm |
| 14:19 | Build | Barracks |
| 14:20 | Create | Villager (Male) |
| 14:20 | Create | Villager (Male) |
| 14:23 | Research | Castle Age |
| 14:24 | Research | Castle Age |
| 15:27 | Create | Militia |
| 15:29 | Research | Man-at-Arms (upgrade) |
| 15:34 | Create | Villager (Male) |
| 15:34 | Create | Villager (Male) |
| 15:51 | Build | Farm |
| 15:54 | Build | Farm |
| 16:13 | Research | Horse Collar |
| 16:47 | Build | House |
| 17:02 | Create | Militia |
| 17:02 | Create | Militia |
| 17:03 | Age | Castle Age |
| 17:12 | Build | Siege Workshop |
| 17:23 | Research | Long Swordsman (upgrade) |
| 17:31 | Build | Farm |
| 17:34 | Build | Farm |
| 17:57 | Create | Spearman |
| 18:09 | Build | House |
| 18:20 | Create | Spearman |
| 18:39 | Create | Spearman |
| 18:55 | Build | House |
| 19:00 | Create | Militia |
| 19:01 | Create | Militia |
| 19:02 | Create | Battering Ram |
| 19:03 | Create | Battering Ram |
| 19:28 | Create | Battering Ram |
| 19:37 | Create | Scorpion |
| 20:03 | Create | Militia |
| 20:04 | Create | Militia |
| 20:06 | Create | Scorpion |
| 20:15 | Create | Militia |
| 20:30 | Create | Militia |
| 20:43 | Create | Militia |
| 20:43 | Create | Militia |
| 21:14 | Create | Scorpion |
| 21:22 | Research | Scale Mail Armor |
| 21:42 | Create | Scorpion |
| 21:45 | Create | Militia |
| 21:52 | Build | Farm |
| 21:54 | Build | Farm |
| 22:13 | Create | Spearman |
| 22:13 | Create | Spearman |
| 22:20 | Build | Farm |
| 22:23 | Build | Farm |
| 22:32 | Build | Siege Workshop |
| 22:40 | Create | Militia |
| 22:40 | Create | Spearman |
| 23:16 | Create | Spearman |
| 23:19 | Create | Militia |
| 23:21 | Create | Scorpion |
| 23:36 | Research | Arson |
| 23:46 | Create | Scorpion |
| 24:46 | Create | Scorpion |
Build order — May Neko
137 actions detected in the replay
| 0:01 | Create | Villager (Male) ×4 |
| 0:01 | Create | Villager (Male) ×4 |
| 0:03 | Build | House |
| 0:05 | Build | House |
| 1:24 | Create | Villager (Male) |
| 1:49 | Create | Villager (Male) |
| 2:23 | Create | Villager (Male) |
| 2:26 | Build | Lumber Camp |
| 2:28 | Create | Villager (Male) |
| 2:54 | Create | Villager (Male) |
| 3:22 | Create | Villager (Male) |
| 3:27 | Build | House |
| 3:29 | Build | House |
| 3:30 | Build | House |
| 3:40 | Build | House |
| 3:41 | Build | House |
| 3:55 | Create | Villager (Male) ×2 |
| 4:29 | Create | Villager (Male) |
| 4:54 | Create | Villager (Male) |
| 5:13 | Build | Mill |
| 5:46 | Create | Villager (Male) ×2 |
| 6:10 | Create | Villager (Male) ×2 |
| 6:14 | Create | Villager (Male) ×2 |
| 7:00 | Research | Loom |
| 7:19 | Build | Mill |
| 7:53 | Research | Feudal Age |
| 9:07 | Build | Barracks |
| 9:56 | Create | Villager (Male) |
| 10:06 | Age | Feudal Age |
| 10:26 | Build | Stable |
| 10:31 | Create | Villager (Male) |
| 10:39 | Create | Villager (Male) |
| 10:39 | Create | Villager (Male) |
| 10:59 | Research | Double-Bit Axe |
| 11:13 | Build | House |
| 11:14 | Create | Scout Cavalry |
| 11:17 | Build | House |
| 11:24 | Build | Palisade Wall |
| 11:27 | Create | Scout Cavalry |
| 11:29 | Create | Villager (Male) ×5 |
| 11:36 | Create | Villager (Male) ×3 |
| 11:38 | Create | Villager (Male) |
| 11:44 | Create | Scout Cavalry |
| 12:00 | Create | Scout Cavalry |
| 12:04 | Create | Villager (Male) ×3 |
| 12:06 | Build | Farm |
| 12:07 | Build | Farm |
| 12:09 | Create | Villager (Male) ×3 |
| 12:14 | Build | Farm |
| 12:18 | Build | Farm |
| 12:30 | Build | House |
| 12:34 | Build | House |
| 12:47 | Create | Scout Cavalry |
| 12:47 | Create | Scout Cavalry |
| 12:49 | Create | Villager (Male) ×3 |
| 12:52 | Build | Farm |
| 12:53 | Build | Farm |
| 12:58 | Create | Villager (Male) |
| 13:06 | Build | House |
| 13:08 | Build | House |
| 13:12 | Build | House |
| 13:15 | Create | Villager (Male) |
| 13:17 | Build | Farm |
| 13:56 | Create | Villager (Male) |
| 14:00 | Build | Farm |
| 14:01 | Build | Farm |
| 14:03 | Research | Wheelbarrow |
| 14:09 | Build | Farm |
| 14:11 | Build | Farm |
| 14:17 | Build | Farm |
| 14:21 | Create | Villager (Male) |
| 14:23 | Create | Villager (Male) ×5 |
| 14:33 | Create | Scout Cavalry |
| 14:33 | Create | Scout Cavalry |
| 14:45 | Build | Lumber Camp |
| 15:02 | Build | Farm |
| 16:07 | Build | Farm |
| 16:13 | Build | Farm |
| 16:17 | Create | Villager (Male) |
| 16:34 | Build | Farm |
| 16:40 | Build | Farm |
| 16:47 | Build | Farm |
| 16:54 | Build | Farm |
| 16:57 | Create | Villager (Male) |
| 16:58 | Create | Villager (Male) |
| 16:58 | Create | Villager (Male) |
| 17:05 | Build | Mining Camp |
| 17:15 | Build | Blacksmith |
| 18:07 | Build | House |
| 18:08 | Build | House |
| 18:29 | Create | Villager (Male) ×5 |
| 18:57 | Research | Castle Age |
| 19:10 | Build | House |
| 19:23 | Research | Bloodlines |
| 19:34 | Build | House |
| 19:50 | Build | House |
| 19:51 | Build | House |
| 20:23 | Build | Archery Range |
| 20:27 | Create | Villager (Male) |
| 20:35 | Build | Stone Wall |
| 20:57 | Build | Mining Camp |
| 21:24 | Build | Stone Wall |
| 21:41 | Build | Stable |
| 21:46 | Create | Villager (Male) |
| 21:47 | Create | Villager (Male) |
| 21:47 | Create | Villager (Male) |
| 21:59 | Age | Castle Age |
| 22:00 | Research | Scale Barding Armor |
| 22:15 | Build | Stone Wall |
| 22:23 | Research | Husbandry |
| 22:24 | Create | Knight ×5 |
| 22:24 | Create | Knight ×5 |
| 22:24 | Create | Knight ×3 |
| 22:30 | Create | Villager (Male) ×5 |
| 22:31 | Create | Villager (Male) |
| 22:35 | Create | Villager (Male) ×4 |
| 22:47 | Create | Villager (Male) |
| 22:50 | Research | Gold Mining |
| 22:55 | Research | Horse Collar |
| 23:13 | Build | House |
| 23:31 | Create | Knight |
| 23:31 | Create | Knight |
| 23:37 | Create | Knight ×5 |
| 23:37 | Create | Knight ×5 |
| 23:39 | Create | Villager (Male) |
| 23:44 | Create | Knight |
| 23:45 | Create | Villager (Male) ×5 |
| 23:47 | Create | Villager (Male) ×3 |
| 24:03 | Build | Town Center |
| 24:12 | Create | Knight ×2 |
| 24:17 | Create | Villager (Male) ×5 |
| 24:20 | Create | Villager (Male) |
| 24:34 | Create | Villager (Male) |
| 24:49 | Build | Stable |
| 24:49 | Build | Stable |
| 24:49 | Build | Stable |
| 24:54 | Create | Villager (Male) |
Match timeline
| 4:54 | Panny-kun · wall_segment Palisade Wall x1 |
| 4:57 | Panny-kun · wall_segment Palisade Wall x1 |
| 5:52 | Panny-kun · wall_segment Palisade Wall x1 |
| 5:53 | Panny-kun · wall_segment Palisade Wall x1 |
| 5:54 | Panny-kun · wall_segment Palisade Wall x1 |
| 5:57 | Panny-kun · wall_segment Palisade Wall x1 |
| 5:57 | Panny-kun · wall_segment Palisade Wall x1 |
| 5:58 | Panny-kun · wall_segment Palisade Wall x1 |
| 5:58 | Panny-kun · wall_segment Palisade Wall x1 |
| 8:49 | Panny-kun · wall_segment Palisade Wall x8 |
| 9:07 | May Neko · first_building Barracks |
| 10:06 | May Neko · age_up feudal |
| 10:26 | May Neko · first_building Stable |
| 10:35 | Panny-kun · first_building Barracks |
| 11:24 | May Neko · wall_segment Palisade Wall x8 |
| 12:13 | Panny-kun · wall_segment Palisade Wall x1 |
| 12:20 | Panny-kun · wall_segment Palisade Wall x1 |
| 12:56 | Panny-kun · age_up feudal |
| 17:03 | Panny-kun · age_up castle |
| 17:12 | Panny-kun · first_building Siege Workshop |
| 20:23 | May Neko · first_building Archery Range |
| 20:35 | May Neko · wall_segment Stone Wall x22 |
| 20:39 | Panny-kun · first_market_sell 100 stone |
| 20:40 | Panny-kun · first_market_buy 100 food |
| 21:24 | May Neko · wall_segment Stone Wall x1 |
| 21:59 | May Neko · age_up castle |
| 22:15 | May Neko · wall_segment Stone Wall x8 |
| 25:12 | May Neko · resign |
[ AI ANALYSIS · 1 CREDIT ]
What really happened in this match?
Wolo.gg analyzes every decision: build order, eco, micro, common mistakes by bracket. Personalized analysis on WhatsApp or Discord in 30 seconds.
Civ guide
Celts
Perfil
Jugador #4495099